 Dungeon Crawl Stone Soup version 0.28.0-47-ge53b351184 (webtiles) character file.

Game seed: 14598837098938201620

3021 acdeimund the Fighter (level 9, -1/82 HPs)
             Began as a Hill Orc Fighter on May 4, 2022.
             Was a Believer of Beogh.
             Succumbed to a killer bee's poison
             ... on level 7 of the Dungeon.
             The game lasted 00:34:18 (8791 turns).

acdeimund the Fighter (Hill Orc Fighter)            Turns: 8791, Time: 00:34:18

Health: -1/82      AC: 18    Str: 25    XL:     9   Next: 85%
Magic:  9/9        EV:  6    Int:  8    God:    Beogh [**....]
Gold:   230        SH: 16    Dex: 14    Spells: 8/8 levels left

rFire   . . .      SeeInvis .   d - +3 morningstar (chaos)
rCold   . . .      Faith    .   k - +1 kite shield
rNeg    . . .      Spirit   .   r - +0 plate armour
rPois   +          Reflect  +   m - +1 hat
rElec   .          Harm     .   (no cloak)
rCorr   .          Rampage  .   u - +2 pair of gloves
Will    .....                   (no boots)
Stlth   ..........              g - amulet of reflection
HPRegen 0.23/turn               e - +6 ring of strength
MPRegen 0.11/turn               f - ring of poison resistance

@: lethally poisoned (-1 -> -11)
A: no striking features
a: Renounce Religion, Smiting


You were on level 7 of the Dungeon.
You worshipped Beogh.
Beogh was pleased with you.
You visited 1 branch of the dungeon, and saw 7 of its levels.

You collected 1627 gold pieces.
You spent 1397 gold pieces at shops.

Inventory:

Hand Weapons
 a - a +0 flail
 d - a +3 morningstar of chaos (weapon)
Missiles
 s - 23 stones (quivered)
Armour
 k - a +1 kite shield (worn)
 m - a +1 hat (worn)
 p - a +0 chain mail
 r - a +0 plate armour (worn)
 u - a +2 pair of gloves (worn)
Jewellery
 e - a +6 ring of strength (left hand)
 f - a ring of poison resistance (right hand)
 g - an amulet of reflection (around neck)
 h - a ring of see invisible
 i - a ring of resist corrosion
Wands
 n - a wand of iceblast (4)
Scrolls
 b - a scroll of noise
 c - 2 scrolls of magic mapping
 j - 3 scrolls of identify
Potions
 q - 2 potions of haste
 t - a potion of mutation


   Skills:
 + Level 8.9 Fighting
 + Level 7.6 Maces & Flails
 + Level 8.0 Armour
 + Level 8.1 Shields


You had 8 spell levels left.
You didn't know any spells.
Your spell library contained the following spells:

 Spells                   Type           Power      Damage    Failure   Level
 Summon Small Mammal      Summ           0%         N/A       100%        1
 Call Canine Familiar     Summ           0%         N/A       100%        3
 Summon Guardian Golem    Hex/Summ       0%         N/A       100%        3


Dungeon Overview and Level Annotations

Branches:
Dungeon (7/15)             Temple (0/1) D:5

Altars:
Ashenzari
Trog
Beogh

Shops:
D:1 ==   D:4 *:?=

Annotations:
D:6 3 runed translucent doors, qwertyui's ghost, novice GrFi


Message History

The killer bee stings you but does no damage.
You miss the killer bee.
You feel sick.
You are no longer poisoned.
You block the killer bee's attack. x2; The killer bee barely misses you.
The killer bee stings you but does no damage. x2
The killer bee stings you.
The killer bee stings you but does no damage. x2
You puncture the killer bee!
The killer bee is severely wounded.
You block the killer bee's attack. x4
The killer bee stings you but does no damage. x4
You miss the killer bee.
The killer bee is severely wounded.
You block the killer bee's attack. The killer bee barely misses you.
You block the killer bee's attack. The killer bee stings you. x2
You block the killer bee's attack. The killer bee barely misses you.
You block the killer bee's attack.
You miss the killer bee.
The killer bee is severely wounded.
You block the killer bee's attack. The killer bee stings you.
* * * LOW HITPOINT WARNING * * *
The killer bee stings you but does no damage. x3
The killer bee stings you.
* * * LOW HITPOINT WARNING * * *
You are poisoned.
The killer bee poisons you! The killer bee stings you.
* * * LOW HITPOINT WARNING * * *
You are more poisoned.
The killer bee poisons you!
You bludgeon the killer bee!!
You kill the killer bee!
Beogh accepts your kill.
* * * LOW HITPOINT WARNING * * *
You feel very sick. The killer bee stings you.
* * * LOW HITPOINT WARNING * * *
You block the killer bee's attack. x4; The killer bee stings you.
* * * LOW HITPOINT WARNING * * *
You barely miss the killer bee.
You die...

..........
........#
........#
........#
##.....##
####....## #
###...########
##...#....y##
##.......y@#
##......y##
###..####
##..## ##..##
##..## ##..#
#...y.#
#.......#


You could see 3 killer bees.

Vanquished Creatures
  The ghost of Kazon the Covered, an amateur HuFi of Okawaru (D:3)
  A steam dragon (D:6)
  A water moccasin (D:7)
  A sky beast (D:5)
  2 ice beasts
  2 orc warriors
  A hornet zombie (D:6)
  A black bear (D:5)
  2 ogres
  A phantom (D:6)
  2 kobold brigands (D:5)
  Blork the orc (D:4)
  3 scorpions
  6 killer bees
  A howler monkey (D:5)
  6 wights
  An electric eel (D:6)
  A bullfrog zombie (D:5)
  2 hounds
  2 jellies (D:6)
  4 orc priests
  A bullfrog skeleton (D:6)
  Jessica (D:2)
  2 iguanas
  Terence (D:2)
  3 orc wizards
  A hound zombie (D:5)
  A gnoll (D:2)
  7 adders
  3 ufetubi (D:6)
  An adder skeleton (D:4)
  3 worms
  A dart slug (D:4)
  30 orcs
  10 endoplasms
  4 giant cockroaches
  7 goblins
  8 hobgoblins
  3 quokkas (D:1)
  7 ball pythons
  3 bats
  5 frilled lizards
  14 kobolds
  5 rats
163 creatures vanquished.

Vanquished Creatures (others)
  An orc priest (D:4)
  4 orcs (D:4)
5 creatures vanquished.

Grand Total: 168 creatures vanquished

Notes
Turn   | Place    | Note
-------+----------+-------------------------------------------
     0 | D:1      | acdeimund the Hill Orc Fighter began the quest for the Orb.
     0 | D:1      | Reached XP level 1. HP: 19/19 MP: 1/1
    59 | D:1      | Found Muqoir's Jewellery Emporium.
   320 | D:1      | Reached XP level 2. HP: 22/27 MP: 2/2
   713 | D:1      | Reached XP level 3. HP: 32/33 MP: 3/3
   767 | D:1      | Found a faded altar of an unknown god.
   901 | D:1      | Found Leuss's Jewellery Boutique.
  1414 | D:2      | Found a bloodstained altar of Trog.
  1771 | D:2      | Noticed Terence
  1777 | D:2      | Killed Terence
  1778 | D:2      | Reached XP level 4. HP: 36/41 MP: 4/4
  2217 | D:2      | Noticed Jessica
  2229 | D:2      | Killed Jessica
  2230 | D:2      | Reached XP level 5. HP: 42/47 MP: 5/5
  2357 | D:3      | Identified a scroll of acquirement
  2357 | D:3      | Acquired 1136 gold pieces
  2384 | D:1      | Bought a ring of poison resistance for 240 gold pieces
  2384 | D:1      | Bought an amulet of reflection for 360 gold pieces
  2384 | D:1      | Bought a ring of see invisible for 180 gold pieces
  2929 | D:4      | Noticed Blork the orc
  3096 | D:4      | Reached skill level 5 in Fighting
  3336 | D:4      | Noticed an orc warrior
  3380 | D:4      | Killed an orc warrior
  3381 | D:4      | Reached XP level 6. HP: 36/56 MP: 6/6
  3562 | D:4      | Reached skill level 5 in Shields
  3849 | D:4      | Reached skill level 5 in Armour
  3849 | D:4      | Reached XP level 7. HP: 47/60 MP: 7/7
  3960 | D:4      | Found a runed translucent gate.
  3960 | D:4      | Found a runed translucent gate.
  3960 | D:4      | Found a runed translucent gate.
  3964 | D:4      | Became a worshipper of Beogh the Brigand
  3968 | D:4      | Found a roughly hewn altar of Beogh.
  3969 | D:4      | Noticed Kazon's ghost (amateur HuFi)
  4130 | D:3      | Killed Kazon's ghost
  4458 | D:4      | Killed Blork the orc
  4459 | D:4      | Reached skill level 5 in Maces & Flails
  4786 | D:4      | Found Usorphuf's Jewellery Shop.
  4802 | D:3      | Reached XP level 8. HP: 71/71 MP: 8/8
  4946 | D:4      | Found Elaptih's Book Shoppe.
  4949 | D:4      | Found Voli's Magic Scroll Shop.
  4950 | D:4      | Found Yboucuz's Assorted Antiques.
  4965 | D:4      | Bought a scroll labelled FAFAON CAUPRU for 20 gold pieces
  4970 | D:4      | Bought a scroll of brand weapon for 260 gold pieces
  4970 | D:4      | Bought a scroll of enchant weapon for 97 gold pieces
  4970 | D:4      | Bought a scroll of identify for 26 gold pieces
  4970 | D:4      | Bought a scroll of teleportation for 39 gold pieces
  4970 | D:4      | Bought 3 scrolls of identify for 78 gold pieces
  4970 | D:4      | Bought a scroll of enchant weapon for 97 gold pieces
  5109 | D:5      | Entered Level 5 of the Dungeon
  5397 | D:4      | Reached * piety under Beogh
  6382 | D:5      | Reached XP level 9. HP: 80/80 MP: 9/9
  6402 | D:5      | Found a staircase to the Ecumenical Temple.
  6831 | D:6      | Found a runed translucent gate.
  6832 | D:6      | Found a runed translucent gate.
  6841 | D:6      | Found a runed translucent gate.
  6841 | D:6      | Noticed qwertyui's ghost (novice GrFi)
  6846 | D:6      | Noticed a death knight
  7609 | D:6      | Reached ** piety under Beogh
  8513 | D:7      | Found a broken altar of Ashenzari.
  8790 | D:7      | HP: 2/82 [killer bee (5)]
  8791 | D:7      | Succumbed to a killer bee's poison

Illustrated notes

Levels and vault maps discovered:
D:1:      matt_arrival_refuge, layout_loops_ring, ebering_ecumenical_altar_hall,
          serial_shops, nicolae_shop_hallway_plus, shop_fountains,
          skrybe_limestone_x
D:2:      layout_loops_ring, basic_altar, kennysheep_generic_room_2,
          uniq_terence, uniq_jessica
D:3:      minmay_bubble_buster, layout_basic, kennysheep_nondescript
D:4:      layout_cave_pools, biasface_ghost_orc_armoury,
          nicolae_wooded_promenade, eino_curves_02, kennysheep_crisscross,
          nicolae_take_the_stairs, uniq_blork_the_orc
D:5:      layout_basic, minmay_temple_entry_stoned_glass,
          minmay_tree_intersection, minmay_fractal_squares_gapless_5
D:6:      layout_gridville, gammafunk_ghost_split, kennysheep_potato
D:7:      layout_cave_pods, cheibrodos_ashenzari_chains, old_standard_altar,
          grunt_livestock, roderic_serpentine_path, minmay_splitting_lines

Skill      XL: |  1  2  3  4  5  6  7  8  9 |
---------------+----------------------------+-----
Fighting       | 4 5 6 7 8 |  8.9
Maces & Flails | 3 4 5 6 7 |  7.6
Shields        | 4 5 7 8 |  8.1
Armour         | 4 5 6 8 |  8.0

Action                   |  1- 3 |  4- 6 |  7- 9 || total
-------------------------+-------+-------+-------++-------
Melee: Flail             |   106 |       |       ||   106
       Morningstar       |       |   147 |   308 ||   455
Invok: Convert to Beogh  |       |       |     1 ||     1
  Use: Potion            |     1 |     4 |     2 ||     7
       Scroll            |       |     8 |    12 ||    20
 Stab: Invisible         |       |       |     3 ||     3
       Paralysed         |       |       |     1 ||     1
Armor: Scale mail        |    29 |    17 |       ||    46
       Chain mail        |       |    25 |    72 ||    97
       Skin              |       |     4 |       ||     4
       Plate armour      |       |       |   148 ||   148
Dodge: Dodged            |    46 |    38 |    89 ||   173
Block: Buckler           |    20 |     1 |       ||    21
       Kite shield       |       |   130 |   346 ||   476
       Reflection        |       |       |     8 ||     8
